 Dungeon Crawl Stone Soup version 0.21-a0-64-g1c0f2e3 (webtiles) character file.

31 Manul the Twirler (level 3, -1/18 HPs)
             Began as a Vine Stalker Gladiator on June 17, 2017.
             Succumbed to Sigmund's poison
             ... on level 2 of the Dungeon.
             The game lasted 00:00:45 (740 turns).

Manul the Twirler (Vine Stalker Gladiator)           Turns: 740, Time: 00:00:45

Health: -1/18      AC:  4    Str: 16    XL:     3   Next: 22%
Magic:  2/4        EV: 13    Int:  8    God:
Gold:   38         SH:  0    Dex: 16    Spells: 2/2 levels left

rFire    . . .     SeeInvis .   m - +2 mace (holy)
rCold    . . .     Gourm    .   (no shield)
rNeg     . . .     Faith    .   b - +0 leather armour
rPois    .         Spirit   +   c - +0 helmet
rElec    .         Reflect  .   (no cloak)
rCorr    .         Harm     .   (no gloves)
MR       .....                  (no boots)
Stlth    +.........             (no amulet)
HPRegen  0.06/turn              (no ring)
MPRegen  0.09/turn              (no ring)

@: lethally poisoned (-1 -> -26)
A: fangs 2, magic shield, antimagic bite, no potion heal 3, rot immunity
a: no special abilities


You were on level 2 of the Dungeon.
You were not hungry.

You visited 1 branch of the dungeon, and saw 2 of its levels.

You collected 38 gold pieces.

Inventory:

Hand Weapons
 a - a +0 quarterstaff
 m - a +2 mace of holy wrath (weapon)
Missiles
 d - 3 throwing nets (quivered)
Armour
 b - a +0 leather armour (worn)
 c - a +0 helmet (worn)
Wands
 n - a wand of polymorph (10/24)
Scrolls
 i - a scroll of teleportation {unknown}
 j - a scroll of random uselessness {unknown}
 k - a scroll of enchant weapon {unknown}
Potions
 e - a potion of heal wounds {unknown}
 h - 3 potions of curing {unknown}
 l - 3 potions of brilliance {unknown}
Comestibles
 f - 2 bread rations
 g - 7 chunks of flesh


   Skills:
 + Level 2.1 Fighting
 + Level 3.3 Staves
 + Level 1.9 Throwing
 + Level 2.6 Dodging


You had 2 spell levels left.
You didn't know any spells.

Dungeon Overview and Level Annotations

Branches:
Dungeon (2/15)

Altars:
Uskayaw

Annotations:
D:2 Sigmund


Innate Abilities, Weirdness & Mutations

You have extremely sharp teeth.
When hurt, damage is shared between your health and your magic reserves.
Your bite disrupts and absorbs the magic of your enemies.
Potions cannot restore your health.
You are immune to rotting.


Message History

A worm comes into view.
Sigmund barely misses you.
Sigmund points at you and mumbles some strange words.
The puff of flame misses you.
Sigmund mumbles some strange words.
Sigmund flickers and vanishes!
Deactivating autopickup; reactivate with Ctrl-A.
You see here a frilled lizard skeleton.
The hobgoblin hits you but does no damage.
You see here a frilled lizard skeleton.
You closely miss the hobgoblin. Your bite misses the hobgoblin.
The hobgoblin closely misses you. Something hits you!
Ouch! That really hurt!
You are lethally poisoned!
* * * LOW HITPOINT WARNING * * *
You feel very sick.
* * * LOW HITPOINT WARNING * * *
You feel sick.
* * * LOW HITPOINT WARNING * * *
You feel sick.
You die...

...#######..# .#
##.# # #.### ..
.### #...# ...
...##
#########.###
##.. #..#
#.........# ..#
##.###.#########
# #.####......#
..##
#.##.g.@.####
#...###..รท.###.#
#...#..### #...
#.....# #####
#....## .....##.#
.#.#....#
......w..
.#..##....


You could see a hobgoblin.

Vanquished Creatures
  2 oozes (D:1)
  2 dart slugs (D:1)
  4 hobgoblins (D:1)
  A bat (D:1)
  3 frilled lizards
  3 goblins (D:1)
  5 rats (D:1)
20 creatures vanquished.

Notes
Turn   | Place    | Note
-------+----------+-------------------------------------------
     0 | D:1      | Manul the Vine Stalker Gladiator began the quest for the Orb.
     0 | D:1      | Reached XP level 1. HP: 11/11 MP: 2/2
    43 | D:1      | Reached XP level 2. HP: 15/15 MP: 3/3
    80 | D:1      | Reached skill level 3 in Staves
   557 | D:1      | Reached XP level 3. HP: 17/18 MP: 4/4
   691 | D:2      | Found a hide-covered altar of Uskayaw.
   726 | D:2      | Noticed Sigmund
   740 | D:2      | Succumbed to Sigmund's poison

Vault maps used:
D:1:      saegor_arrival_simple_f, supply_closet_lemuel
D:2:      marbit_many_paths, nicolae_overflow_crystal_walls,
          overflow_temple_1_default, uniq_terence, uniq_sigmund

Skill      XL: |  1  2 |
---------------+-------+-----
Staves         | 3 |  3.3
Fighting       | 2 |  2.1
Throwing       | |  1.9
Dodging        | |  2.6

Action                   || total
-------------------------++-------
Melee: Quarterstaff      ||    31
       Mace              ||    17
       Bite              ||     9
Armor: Leather armour    ||     8
Dodge: Dodged            ||    33
